 Dungeon Crawl Stone Soup version 0.21-a0-525-ga34b322 (webtiles) character file.

122 Amnesiac the Shooter (level 4, -1/34 HPs)
             Began as a Mummy Hunter on Dec 7, 2017.
             Slain by a goblin (3 damage)
             ... led by Robin
             ... on level 4 of the Dungeon.
             The game lasted 00:04:10 (1697 turns).

Amnesiac the Shooter (Mummy Hunter)                 Turns: 1697, Time: 00:04:12

Health: -1/34      AC: 10    Str: 16    XL:     4   Next: 78%
Magic:  4/4        EV:  5    Int: 10    God:
Gold:   118        SH:  0    Dex: 12    Spells: 3/3 levels left

rFire    x . .     SeeInvis .   f - +0 short sword
rCold    + . .     Gourm    .   (no shield)
rNeg     + + +     Faith    .   h - +0 plate armour
rPois    ∞         Spirit   .   (no helmet)
rElec    .         Reflect  .   (no cloak)
rCorr    .         Harm     .   (no gloves)
MR       .....                  (no boots)
Stlth    ..........             (no amulet)
HPRegen  0.11/turn              (no ring)
MPRegen  0.09/turn              (no ring)

@: no status effects
A: no food or potions, fire vulnerability, cold resistance 1, negative energy
resistance 3, torment resistance, unbreathing
a: no special abilities


You were on level 4 of the Dungeon.
You were not hungry.

You visited 1 branch of the dungeon, and saw 4 of its levels.

You collected 118 gold pieces.

Inventory:

Hand Weapons
 a - a +1 shortbow
 b - a +0 hunting sling
 f - a +0 short sword (weapon)
Armour
 h - a +0 plate armour (worn)
Scrolls
 g - 2 scrolls of identify {!r}


   Skills:
 + Level 2.6 Fighting
 * Level 3.9 Bows
 + Level 2.1 Armour
 + Level 2.1 Dodging
 - Level 0.7 Stealth


You had 3 spell levels left.
You didn't know any spells.

Dungeon Overview and Level Annotations

Branches:
Dungeon (4/15)
 Temple: D:4-7

Altars:
Makhleb
Uskayaw
Xom

Annotations:
D:4 Robin


Innate Abilities, Weirdness & Mutations

You do not eat or drink.
Your flesh is vulnerable to fire.
You are immune to poison.
Your flesh is cold resistant. (rC+)
You are immune to negative energy. (rN+++)
You are immune to unholy pain and torment.
You can survive without breathing.


Message History

You throw a stone. The stone barely misses Robin.
The stone closely misses the goblin.
Robin hits you but does no damage.
The goblin hits you but does no damage. x3
The giant cockroach barely misses you.
Wield which item (- for none, * to show all)? (? for menu, Esc to quit)
Okay, then.
Wield which item (- for none, * to show all)? (? for menu, Esc to quit)
Okay, then.
Wield which item (- for none, * to show all)? (? for menu, Esc to quit)
b - a +0 hunting sling (weapon)
The goblin hits you but does no damage. x2; The goblin hits you.
* * * LOW HITPOINT WARNING * * *
The giant cockroach bites you.
* * * LOW HITPOINT WARNING * * *
Firing (i - inventory):
c - 2 stones (quivered)
Press: ? - help, Shift-Dir - straight line, f/p - Robin
Aim: Robin, wielding a short sword of flaming, wearing an animal skin and wearing a helmet (moderately wounded)
You shoot a stone. The stone barely misses Robin.
The stone hits the goblin!
You kill the goblin!
The goblin hits you with a dagger.
* * * LOW HITPOINT WARNING * * *
The goblin barely misses you. The goblin hits you but does no damage.
The giant cockroach bites you but does no damage.
Firing (i - inventory):
c - a stone (quivered)
Press: ? - help, Shift-Dir - straight line, f/p - Robin
Aim: Robin, wielding a short sword of flaming, wearing an animal skin and wearing a helmet (moderately wounded)
You shoot a stone. The stone hits Robin.
Robin is moderately wounded.
The giant cockroach bites you but does no damage.
The goblin hits you but does no damage. The goblin barely misses you.
The goblin hits you.
* * * LOW HITPOINT WARNING * * *
Robin hits you but does no damage.
Unknown command.
Wield which item (- for none, * to show all)? (? for menu, Esc to quit)
f - a +0 short sword (weapon)
The giant cockroach barely misses you. Robin hits you but does no damage.
The goblin hits you but does no damage. x2; The goblin hits you.
* * * LOW HITPOINT WARNING * * *
You hit Robin but do no damage.
Robin is moderately wounded.
The goblin no longer looks unusually strong. x2
The giant cockroach bites you but does no damage.
The goblin hits you but does no damage. x2; The goblin barely misses you.
Robin barely misses you.
You hit Robin.
Robin is heavily wounded.
The goblin no longer looks unusually strong.
The giant cockroach barely misses you. The goblin barely misses you.
The goblin hits you but does no damage. The goblin barely misses you.
Robin says, "Bow before me, strongest of all the hobgoblins!"
The giant cockroach bites you but does no damage.
You hit Robin.
Robin is severely wounded.
The hobgoblin no longer looks unusually strong.
The goblin hits you but does no damage. x3; Robin hits you but does no damage.
The giant cockroach bites you but does no damage.
You barely miss Robin.
Robin is severely wounded.
The goblin no longer looks unusually strong. x2
The giant cockroach bites you but does no damage.
The goblin barely misses you. The goblin hits you but does no damage.
The goblin hits you.
You die...

#<##.######
..(.rgs@gg#
.....ggggg#
.....hggZZ#
..........#
..........#
...........
..........#.
.........!#..


You could see a hound, Robin, a quokka, a giant cockroach, a hobgoblin, 8
goblins, a quokka skeleton and a jackal skeleton.

Vanquished Creatures
  7 adders
  An ooze (D:2)
  2 dart slugs (D:1)
  A leopard gecko (D:2)
  3 orcs (D:3)
  7 bats
  2 goblins
  7 hobgoblins
  3 jackals (D:3)
  A quokka (D:2)
  4 frilled lizards
  10 kobolds
  2 rats
50 creatures vanquished.

Notes
Turn   | Place    | Note
-------+----------+-------------------------------------------
     0 | D:1      | Amnesiac the Mummy Hunter began the quest for the Orb.
     0 | D:1      | Reached XP level 1. HP: 16/16 MP: 1/1
    86 | D:1      | Reached skill level 1 in Armour
   188 | D:1      | Reached XP level 2. HP: 22/22 MP: 2/2
   485 | D:2      | Reached XP level 3. HP: 22/27 MP: 3/3
   945 | D:2      | Reached XP level 4. HP: 24/34 MP: 4/4
  1117 | D:2      | Found a hide-covered altar of Uskayaw.
  1120 | D:2      | Found a burning altar of Makhleb.
  1123 | D:2      | Found a shimmering altar of Xom.
  1680 | D:4      | Noticed Robin
  1697 | D:4      | Slain by a goblin

Vault maps used:
D:1:      minmay_arrival_radiant_lines
D:2:      grunt_temple_overflow_diamond, serial_glass, glass_columns_a,
          glass_columns_b, glass_columns_a, glass_columns_b, glass_columns_b
D:3:      serial_curves, eino_curves_02, eino_curves_04, eino_curves_04,
          uniq_ijyb
D:4:      nicolae_gozag_zags_fifth_avenue, first_bread, uniq_robin

Skill      XL: |  1  2  3 |
---------------+----------+-----
Armour         | 1 2 |  2.1
Dodging        | 2 |  2.1
Fighting       | |  2.6
Bows           | |  3.9
Stealth        | |  0.7

Action                   |  1- 3 |  4- 6 || total
-------------------------+-------+-------++-------
Melee: Short sword       |     8 |     4 ||    12
 Fire: Shortbow          |    68 |    51 ||   119
       Hunting sling     |    44 |    16 ||    60
Throw: Stone             |       |     2 ||     2
  Use: Scroll            |       |     1 ||     1
Armor: Leather armour    |     2 |       ||     2
       Scale mail        |    31 |       ||    31
       Plate armour      |       |    84 ||    84
Dodge: Dodged            |    37 |    33 ||    70

Table legend:
 A = Spawn XP
 B = Non-spawn XP
 C = Spawn XP percentage of total XP
 D = Spawn monster count
 E = Non-spawn monster count
 F = Spawn count percentage of total count
 G = Total turns spent on level
                    A         B        C        D         E        F      G
               +---------+---------+-------+---------+---------+-------+---------
         Total |       0 |     175 |   0.0 |       0 |      50 |   0.0 |  1697
               +---------+---------+-------+---------+---------+-------+---------
           D:1 |       0 |      30 |   0.0 |       0 |      17 |   0.0 |   477
           D:2 |       0 |     111 |   0.0 |       0 |      23 |   0.0 |  1101
           D:3 |       0 |      32 |   0.0 |       0 |       9 |   0.0 |   102
           D:4 |       0 |       2 |   0.0 |       0 |       1 |   0.0 |    17
               +---------+---------+-------+---------+---------+-------+---------
